 Dungeon Crawl Stone Soup version 0.19-a0-376-gf780d9b (webtiles) character file.

250 Pitas the Slasher (level 5, -9/45 HPs)
             Began as a Minotaur Fighter on May 30, 2016.
             Killed by nerve-wracking pain
             ... invoked by an orc priest
              (12 damage)
             ... on level 4 of the Dungeon.
             The game lasted 00:16:10 (2996 turns).

Pitas the Slasher (Minotaur Fighter)                Turns: 2996, Time: 00:16:10

Health: -9/45      AC:  6    Str: 21    XL:     5   Next: 88%
Magic:  4/4        EV:  8    Int:  5    God:
Gold:   167        SH:  9    Dex: 10    Spells: 0 memorised, 4 levels left

rFire  . . .     SeeInvis .     x - +7 club
rCold  + . .     Gourm    .     r - +0 ring mail
rNeg   . . .     Faith    .     c - +0 shield
rPois  .         Spirit   .     (helmet restricted)
rElec  .         Dismiss  .     q - +0 cloak
rCorr  +         Reflect  .     (no gloves)
SustAt .         Harm     .     (no boots)
MR     .....                    (no amulet)
Stlth  ..........               u - ring of resist corrosion
                                b - ring of protection from cold

@: not resistant to hostile enchantments, extremely unstealthy
A: retaliatory headbutt, horns 2
a: no special abilities


You were on level 4 of the Dungeon.
You were not hungry.

You visited 1 branch of the dungeon, and saw 4 of its levels.

You collected 167 gold pieces.

Inventory:

Hand Weapons
 a - a +1 long sword
 x - a +7 club (weapon)
Missiles
 i - 95 stones
 y - 4 tomahawks of dispersal (quivered)
Armour
 c - a +0 shield (worn)
 q - a +0 cloak (worn)
 r - a +0 ring mail (worn)
 t - a +0 plate armour
Jewellery
 b - a ring of protection from cold (left hand)
 u - a ring of resist corrosion (right hand)
 v - an uncursed ring of protection from cold
Scrolls
 e - a scroll of remove curse
 j - 2 scrolls of enchant weapon
 k - a scroll of random uselessness {unknown}
 l - 4 scrolls of teleportation
 p - a scroll of fear {unknown}
 s - 2 scrolls of enchant armour {unknown}
 w - a scroll of identify
 A - a scroll of magic mapping {unknown}
Potions
 d - a potion of might
 g - a potion of curing {unknown}
 h - 3 potions of brilliance
 m - a potion of flight {unknown}
 o - a potion of haste {unknown}
Comestibles
 f - a bread ration
 n - a meat ration


   Skills:
 - Level 3.6 Fighting
 - Level 5.9 Long Blades
 * Level 4.2 Maces & Flails
 - Level 3.6 Armour
 - Level 3.6 Shields


You had 4 spell levels left.
You didn't know any spells.

Dungeon Overview and Level Annotations

Branches:
Dungeon (4/15)
 Temple: D:4-7

Altars:
Hepliaklqana
Nemelex Xobeh


Innate Abilities, Weirdness & Mutations

You reflexively headbutt those who attack you in melee.
You have a pair of horns on your head.


Message History

The orc priest invokes the aid of Beogh against you.
Beogh smites you!
* * * LOW HITPOINT WARNING * * *
Your surroundings suddenly seem different.
Found 9 gold pieces.
You start resting.
An orc is nearby!
The orc shouts!
You hit the orc.
The orc is almost dead.
You block the orc's attack.
You barely miss the orc. You headbutt the orc, but do no damage.
The orc is almost dead.
The orc hits you with a war axe!
* * * LOW HITPOINT WARNING * * *
You hit the orc.
You kill the orc!
The orc priest mumbles some strange prayers to Beogh against you.
Pain shoots through your body!
You die...

...#...........#..## #.......#
...........##..##..## ##......#
##.........##..###..####.......##
#.............###..(...........#
##......####...##..##.......(....
....#..## ###....## ###.......#
.>.###.# ##...# #....# ..## #.#
#..## #.## .. .. ##@# #.o# #. ..#
#.)...o.# ##o# #. ..# .......##
#.## #. ...#.$.## ##.## ..
........# #o## ..........# #.o.
###.... ##..# ##.. ##...# #.#
##..# #.# ##..#.


You could see an orc priest.

Vanquished Creatures
  A scorpion (D:4)
  A centaur skeleton (D:4)
  A giant frog skeleton (D:4)
  Jessica (D:3)
  A worker ant (D:4)
  3 adders
  An ooze (D:3)
  An adder skeleton (D:4)
  3 worms
  2 dart slugs (D:3)
  2 giant geckos (D:3)
  2 orcs
  3 giant cockroaches
  4 goblins
  5 hobgoblins
  2 quokkas
  7 bats
  2 giant newts
  6 kobolds
  A rat (D:2)
49 creatures vanquished.

Notes
Turn   | Place    | Note
--------------------------------------------------------------
     0 | D:1      | Pitas the Minotaur Fighter began the quest for the Orb.
     0 | D:1      | Reached XP level 1. HP: 19/19 MP: 0/0
   247 | D:1      | Reached skill level 3 in Long Blades
   337 | D:1      | Reached XP level 2. HP: 22/26 MP: 1/1
   979 | D:2      | Reached skill level 4 in Long Blades
  1023 | D:2      | Reached XP level 3. HP: 30/31 MP: 2/2
  1172 | D:2      | Found a sparkling altar of Nemelex Xobeh.
  1359 | D:3      | Found a hazy altar of Hepliaklqana.
  1396 | D:3      | Reached skill level 5 in Long Blades
  1828 | D:3      | Reached XP level 4. HP: 34/39 MP: 3/3
  2396 | D:3      | Noticed Jessica
  2409 | D:3      | Killed Jessica
  2464 | D:4      | Reached skill level 1 in Maces & Flails
  2464 | D:4      | Reached XP level 5. HP: 37/45 MP: 4/4
  2941 | D:4      | HP: 1/45 [orc priest/divine providence (13)]
  2996 | D:4      | Killed from afar by an orc priest

Vault maps used:
D:1:      dpeg_arrival_erosion
D:2:      nemelex_altar_shiori, uniq_crazy_yiuf_cottage
D:3:      old_standard_altar, uniq_jessica
D:4:      supply_closet_lemuel, uniq_sigmund

Skill      XL: |  1  2  3  4  5 |
---------------+----------------+-----
Long Blades    | 3 4 5 |  5.9
Maces & Flails | 1 4 |  4.2
Fighting       | |  3.6
Armour         | |  3.6
Shields        | |  3.6

Action                   |  1- 3 |  4- 6 || total
-------------------------+-------+-------++-------
Melee: Long sword        |    80 |    21 ||   101
       Headbutt          |    10 |     8 ||    18
       Club              |       |    31 ||    31
  Use: Scroll            |     7 |     1 ||     8
  Eat: Chunk             |     3 |     2 ||     5
       Bread ration      |       |     1 ||     1
Armor: Scale mail        |    12 |       ||    12
       Ring mail         |    36 |    13 ||    49
Dodge: Dodged            |    31 |    14 ||    45
Block: Shield            |    61 |    20 ||    81
